 Dungeon Crawl Stone Soup version 0.31-a0-846-gb3bcc0d938 (webtiles) character file.

Game seed: 14965639450856592663

1943 lunkers the Martial Artist (level 9, -5/64 HPs)
             Began as a Meteoran Shapeshifter on Oct 3, 2023.
             Was a Follower of Okawaru.
             Slain by a wight
             ... wielding a +4 morningstar
              (13 damage)
             ... on level 7 of the Dungeon.
             The game lasted 00:11:16 (3262 turns).

lunkers the Martial Artist (Meteoran Shapeshifter)  Turns: 3262, Time: 00:11:17

Health: -5/64      AC:  7    Str: 20    XL:     9   Next: 68%
Magic:  0/10       EV: 13    Int: 14    God:    Okawaru [*.....]
Gold:   332        SH:  0    Dex: 17    Spells: 8/8 levels left

rFire   . .          .
                       - Unarmed
rCold   . . .        (shield currently unavailable)
rNeg    + . .        g - melded +0 scale mail
rPois   .            (helmet currently unavailable)
rElec   .            (cloak currently unavailable)
rCorr   .            (gloves currently unavailable)
SInv    .            (boots currently unavailable)
Will    +....        p - amulet of guardian spirit
Stlth   +            n - ring of wizardry
HPRegen 0.30/turn    z - ring of positive energy
MPRegen 0.12/turn

%: guardian spirit, wizardry (x1)
@: snake-form, heroic, on berserk cooldown, slowed, glowing, very slow
A: constrict, reduced hp, large, sense surroundings 2, otherworldly, glowing,
explore regen
a: Begin Untransformation, Renounce Religion, Heroism


You were on level 7 of the Dungeon.
You worshipped Okawaru.
Okawaru was aware of your devotion.
You were an enormous anaconda.
You visited 2 branches of the dungeon, and saw 8 of its levels.

You collected 332 gold pieces.

Inventory:

Armour
 g - a +0 scale mail (melded)
 l - a +0 cloak
 s - a scarf of harm
 x - a +1 helmet
Jewellery
 e - an amulet of magic regeneration
 n - a ring of wizardry (left hand)
 p - an amulet of guardian spirit (around neck)
 z - a ring of positive energy (right hand)
Talismans
 c - a beast talisman
 d - a flux talisman
 h - a maw talisman
 r - a serpent talisman (active)
Wands
 A - a wand of iceblast (8)
Scrolls
 b - a scroll of identify
 i - a scroll of immolation
 j - a scroll of poison
 w - a scroll of brand weapon {unknown}
 y - a scroll of vulnerability
Potions
 a - 2 potions of cancellation
 f - a potion of haste {unknown}
 k - 3 potions of curing {unknown}
 m - a potion of berserk rage
 o - a potion of mutation {unknown}
 q - a potion of brilliance {unknown}
 t - a potion of might {unknown}
 u - a potion of lignification
 v - 2 potions of enlightenment


   Skills:
 + Level 1.6(6.6) Fighting
 + Level 2.5(7.5) Dodging
 * Level 11.7(16.7) Unarmed Combat
 + Level 1.2 Invocations
 + Level 8.2 Shapeshifting


You had 8 spell levels left.
You didn't know any spells.
Your spell library was empty.

Dungeon Overview and Level Annotations

Branches:
Dungeon (7/15) Zot: 1092   Temple (1/1) D:5 Zot: 487

Altars:
Ashenzari
Cheibriados
Elyvilon
Fedhas
Gozag
Hepliaklqana
Kikubaaqudgha
Makhleb
Nemelex Xobeh
Okawaru
Qazlal
Ru
Trog
Uskayaw
Wu Jian
Yredelemnul
Zin

Shops:
D:1 *=


Innate Abilities, Weirdness & Mutations

You are an enormous anaconda.
You have a powerful constriction melee attack.
Your maximum health is decreased, since you lack skill for your form.
Your armour is entirely melded.
You are incapable of wielding weapons or throwing items.
You passively map the area around you.
You are easily found by Zot.
You glow in the dark.
You regain HP and MP as you explore.


Message History

Prince Ribbit blinks!
Prince Ribbit blinks!
Prince Ribbit hits you but does no damage.
Prince Ribbit hits you!
You hit Prince Ribbit. Your grab misses Prince Ribbit.
Prince Ribbit is lightly wounded.
Prince Ribbit hits you!
A wight comes into view. It is wielding a +0 short sword.
Prince Ribbit hits you!
* * * LOW HITPOINT WARNING * * *
You closely miss Prince Ribbit. You grab Prince Ribbit.
Prince Ribbit is lightly wounded.
You constrict Prince Ribbit. Prince Ribbit hits you.
* * * LOW HITPOINT WARNING * * *
You barely miss Prince Ribbit.
Prince Ribbit is moderately wounded.
You constrict Prince Ribbit. Prince Ribbit closely misses you.
Prince Ribbit hits you.
* * * LOW HITPOINT WARNING * * *
A wight comes into view. It is wielding a +3 spear.
You body-slam Prince Ribbit!!
Prince Ribbit is severely wounded.
You constrict Prince Ribbit. Prince Ribbit hits you!
* * * LOW HITPOINT WARNING * * *
The wight barely misses you.
A wight comes into view. It is wielding a +4 falchion.
Prince Ribbit hits you but does no damage.
Unknown command.
You lash Prince Ribbit!
You kill Prince Ribbit!
Okawaru accepts your kill. The wight closely misses you.
The wight hits you with a +0 long sword!
* * * LOW MAGIC WARNING * * *
* * * LOW HITPOINT WARNING * * *
Your Invocations skill increases to level 1!
You gain the combat prowess of a mighty hero.
* * * LOW MAGIC WARNING * * *
The wight hits you with a +4 morningstar!
You die...

* ,.. ...... *, * ,,
, ... #####....... ,
,..##........... * ,
,, ............. ,
#...8.....## * , ,,
#..........## , , ,
. , , #..).†.......
, .., #............
, ** ,...
,#S...<....... , , ,
...§ ,#zz..........,
, , ,.....
#.z.........., ,
≈≈....#............,
, ,
≈≈..F...#.......)..
*
≈≈.......z.........
,, , ,
≈≈.........z.....##,
, ,
≈≈.....$.......... ,
, ~,
≈≈..............* ,
*


You could see 5 wights.

Vanquished Creatures
  Prince Ribbit (D:7)
  Sigmund (D:2)
  Menkaure (D:7)
  An ice beast (D:6)
  An orc warrior (D:6)
  A centaur (D:6)
  3 scorpions
  5 wights
  A jelly (D:4)
  2 orc priests (D:4)
  2 hounds
  Jessica (D:2)
  4 orc wizards
  Terence (D:3)
  Natasha (thrice) (D:2)
  2 iguanas (D:6)
  Robin (D:2)
  A howler monkey zombie (D:7)
  3 gnolls (D:2)
  6 adders
  2 white imps (D:6)
  An ufetubus (D:6)
  2 worms
  3 dart slugs
  19 orcs
  3 endoplasms
  5 giant cockroaches
  13 goblins
  5 hobgoblins
  4 jackals (D:1)
  9 kobolds
  3 quokkas
  5 ball pythons
  2 bats (D:1)
  6 frilled lizards
  6 rats
129 creatures vanquished.

Vanquished Creatures (collateral kills)
  An ogre (D:5)
1 creature vanquished.

Grand Total: 130 creatures vanquished

Notes
Turn   | Place    | Note
-------+----------+-------------------------------------------
     0 | D:1      | lunkers the Meteoran Shapeshifter began the quest for the
                  | Orb.
     0 | D:1      | Reached XP level 1. HP: 16/16 MP: 2/2
    31 | D:1      | Reached skill level 4 in Unarmed Combat
    31 | D:1      | Reached XP level 2. HP: 23/23 MP: 3/3
    96 | D:1      | Found Zomojy's Assorted Antiques.
   171 | D:1      | Noticed a walking divine tome
   186 | D:1      | Noticed a walking frostbound tome
   187 | D:1      | Found Roguf's Book Shop.
   270 | D:1      | Reached XP level 3. HP: 23/28 MP: 4/4
   469 | D:1      | Found Ellar's Jewellery Shoppe.
   504 | D:1      | Glimpsed the power of Zot.
   530 | D:2      | Noticed Robin
   540 | D:2      | Killed Robin
   541 | D:2      | Reached skill level 5 in Unarmed Combat
   541 | D:2      | Reached XP level 4. HP: 22/35 MP: 5/5
   595 | D:2      | Reached XP level 5. HP: 26/40 MP: 6/6
   605 | D:2      | Noticed Sigmund
   625 | D:2      | Killed Sigmund
   626 | D:2      | Reached skill level 6 in Unarmed Combat
   626 | D:2      | Reached skill level 5 in Shapeshifting
   626 | D:2      | Reached XP level 6. HP: 31/47 MP: 7/7
   672 | D:2      | Noticed Natasha
   676 | D:2      | Killed Natasha
   677 | D:2      | Reached skill level 7 in Unarmed Combat
   785 | D:2      | Noticed Natasha
   791 | D:2      | Killed Natasha
   792 | D:2      | Reached XP level 7. HP: 47/52 MP: 8/8
   803 | D:2      | Noticed Jessica
   809 | D:2      | Killed Jessica
   840 | D:2      | Noticed Natasha
   850 | D:2      | Killed Natasha
  1012 | D:3      | Noticed Terence
  1163 | D:3      | Killed Terence
  1164 | D:3      | Reached skill level 8 in Unarmed Combat
  1625 | D:4      | Reached XP level 8. HP: 31/59 MP: 6/9
  1837 | D:5      | Entered Level 5 of the Dungeon
  1898 | D:5      | Found a staircase to the Ecumenical Temple.
  1912 | Temple   | Entered the Ecumenical Temple
  2183 | D:5      | Reached skill level 9 in Unarmed Combat
  2343 | D:6      | Found an opulent altar of Gozag.
  2510 | Temple   | Became a worshipper of Warmaster Okawaru
  2669 | D:6      | Reached skill level 10 in Unarmed Combat
  2677 | D:6      | Gained mutation: You passively map the area around you.
                  | [Meteoran growth]
  2677 | D:6      | Reached XP level 9. HP: 30/64 MP: 6/10
  2723 | D:6      | Reached * piety under Okawaru
  2817 | D:6      | Found a hazy altar of Hepliaklqana.
  2817 | D:6      | Found a snail-covered altar of Cheibriados.
  3232 | D:7      | Noticed Menkaure
  3238 | D:7      | Reached skill level 11 in Unarmed Combat
  3244 | D:7      | Killed Menkaure
  3250 | D:7      | Noticed Prince Ribbit
  3261 | D:7      | Killed Prince Ribbit
  3262 | D:7      | Reached skill level 1 in Invocations
  3262 | D:7      | Slain by a wight

Illustrated notes

Levels and vault maps discovered:
D:1:      dpeg_arrival_rooms_a, layout_loops_ring, serial_shops,
          nicolae_shop_mannequins, shop_fountains,
          nicolae_shop_pleasant_corner_grove
D:2:      layout_basic, basic_ecumenical_altar, uniq_sigmund, uniq_jessica,
          uniq_robin, uniq_natasha
D:3:      layout_rooms, serial_rivers, chequers_serial_rivers_micro_a,
          chequers_serial_rivers_small_3, chequers_serial_rivers_micro_e,
          chequers_serial_rivers_micro_c, feat_on_display, uniq_terence
D:4:      layout_basic, doesnt_xom_only_xom
D:5:      layout_loops_ring, minmay_temple_entry_trees
D:6:      layout_basic, nicolae_gozag_seed_capital,
          mainiacjoe_overflow_divided_tiny
D:7:      black_bear_nest_2, layout_rooms, mainiacjoe_overflow_chevrons,
          serial_undead, serial_undead_a, serial_undead_c, serial_undead_a,
          serial_undead_d, serial_undead_d, serial_undead_a, serial_shops,
          nicolae_square_shop, uniq_prince_ribbit1, uniq_menkaure,
          uniq_crazy_yiuf_cottage
Temple:   eino_narrow_crystal_temple

Skill      XL: |  1  2  3  4  5  6  7  8  9 |
---------------+----------------------------+-----
Unarmed Combat | 4 5 6 7 8 10 11 | 11.7
Shapeshifting  | 4 5 6 7 8 |  8.2
Invocations    | 1 |  1.2
Fighting       | |  1.6
Dodging        | |  2.5

Action                     |  1- 3 |  4- 6 |  7- 9 || total
---------------------------+-------+-------+-------++-------
  Melee: Unarmed           |    72 |    62 |   220 ||   354
         Punch             |     2 |     2 |     3 ||     7
         Constrict         |       |       |    32 ||    32
 Invoke: Heroism           |       |       |     1 ||     1
    Use: Potion            |       |     1 |     1 ||     2
         Scroll            |       |       |    11 ||    11
 Armour: Animal skin       |     3 |       |       ||     3
         Scale mail        |    39 |    21 |    84 ||   144
         Skin              |       |     4 |    99 ||   103
  Dodge: Dodged            |    43 |    25 |    96 ||   164
   Form: Anaconda          |       |       |     1 ||     1

Table legend: (Time is in decaauts)
 A = Elapsed time spent in this place.
 B = Non-inter-level travel time spent in this place.
 C = Inter-level travel time spent in this place.
 D = Time resting spent in this place.
 E = Time spent auto-exploring this place.
 F = Levels seen in this place.
 G = Mean time per level.
                   A        B        C        D        E       F      G
               +--------+--------+--------+--------+--------+-----+--------+
         Total |   3218 |   3064 |    154 |     74 |   1923 |   8 |  402.2 |
       Dungeon |   3106 |   2978 |    128 |     33 |   1923 |   7 |  443.7 |
        Temple |    112 |     87 |     25 |     41 |      0 |   1 |  112.0 |
               +--------+--------+--------+--------+--------+-----+--------+

Top non-repeatable levels by time:
     D:6: 708 daAuts
     D:5: 564 daAuts
     D:2: 526 daAuts
     D:1: 511 daAuts
     D:3: 469 daAuts
     D:4: 296 daAuts
  Temple: 112 daAuts
     D:7: 29 daAuts
